 Dungeon Crawl Stone Soup version 0.21.1-1-g345015f (webtiles) character file.

7 Monsterracer the Ducker (level 1, -4/11 HPs)
             Began as a Spriggan Berserker on May 25, 2018.
             Was a Follower of Trog.
             Slain by a big kobold (6 damage)
             ... on level 9 of the Dungeon.
             The game lasted 00:02:22 (551 turns).

Monsterracer the Ducker (Spriggan Berserker)         Turns: 551, Time: 00:02:22

Health: -4/11      AC:  2    Str: 18    XL:     1   Next: 91%
Magic:  2/2        EV: 20    Int:  8    God:    Trog [*.....]
Gold:   38         SH:  0    Dex: 15    Spells: 0/0 levels left

rFire    . . .     SeeInvis +   a - +0 short sword
rCold    . . .     Gourm    .   (shield restricted)
rNeg     . . .     Faith    .   b - +0 animal skin
rPois    .         Spirit   .   (helmet restricted)
rElec    .         Reflect  .   (no cloak)
rCorr    .         Harm     .   (gloves unavailable)
MR       .....                  (boots unavailable)
Stlth    +.........             h - amulet of regeneration
HPRegen  0.43/turn              (no ring)
MPRegen  0.08/turn              (no ring)

@: mighty, berserk cooldown, slowed, quick
A: very small, unfitting armour, see invisible, herbivore, speed 3, slow
metabolism 2
a: Berserk, Burn Spellbooks, Renounce Religion


You were on level 9 of the Dungeon.
You worshipped Trog.
Trog was aware of your devotion.
You were not hungry.

You visited 1 branch of the dungeon, and saw 9 of its levels.

You collected 38 gold pieces.

Inventory:

Hand Weapons
 a - a +0 short sword (weapon)
Armour
 b - a +0 animal skin (worn)
Jewellery
 h - an amulet of regeneration (around neck)
Potions
 g - a potion of magic
 i - a potion of resistance
 j - a potion of curing
Comestibles
 c - a ration


   Skills:
 + Level 2.5 Fighting
 + Level 3.5 Short Blades
 + Level 4.7 Dodging


You couldn't memorise any spells.
You didn't know any spells.

Dungeon Overview and Level Annotations

Branches:
Dungeon (9/15)
 Temple: D:4-7         Lair: D:8-11         Orc: D:9-12

Altars:

Annotations:
D:9 diana's ghost, novice TrMo


Innate Abilities, Weirdness & Mutations

You are very small and have problems with some larger weapons.
You are too small for most types of armour.
You have supernaturally acute eyesight. (SInv)
You are a herbivore.
You cover ground extremely quickly.
You need consume almost no food.


Message History

There is a stone staircase leading down here.
You climb downwards.
An orc comes into view. It is wielding a mace of protection.
The orc shouts!
You hear a shout! x2
Found a stone staircase leading up.
There is a stone staircase leading up here.
As you read the scroll labeled VOUGAI SOUHEUR, it crumbles to dust.
It is a scroll of amnesia.
You feel forgetful for a moment.
The orc throws a tomahawk.
The tomahawk hits you but does no damage.
As you read the scroll labeled ECOYQY TEABB, it crumbles to dust.
The scroll dissolves into smoke.
It was a scroll of fog.
As you read the scroll labeled ZUS LIZUUK, it crumbles to dust.
It is a scroll of identify.
k - a potion of might
Found 12 poisoned needles.
A shadow imp comes into view.
The orc completely misses you.
As you read the scroll of identify, it crumbles to dust.
e - a potion of heal wounds The orc closely misses you.
As you read the scroll of identify, it crumbles to dust.
g - a potion of magic The shadow imp gestures at you.
Pain shoots through your body!
Ouch! That really hurt!
* * * LOW HITPOINT WARNING * * *
The orc closely misses you.
You take 6 damage, and have 5/11 hp.
MASSIVE DAMAGE!!
As you read the scroll of identify, it crumbles to dust.
i - a potion of resistance
As you read the scroll of identify, it crumbles to dust.
j - a potion of curing The orc hits you with a mace of protection.
* * * LOW HITPOINT WARNING * * *
The shadow imp barely misses you.
You take 2 damage, and have 4/11 hp.
You aren't carrying any spellbooks or scrolls.
A red film seems to cover your vision as you go berserk!
You feel yourself moving faster!
You feel mighty!
You feel a lot more hungry. The orc completely misses you.
The shadow imp barely misses you.
You now have 7/16 hp.
You closely miss the shadow imp.
The orc hits you with a mace of protection.
* * * LOW HITPOINT WARNING * * *
The shadow imp closely misses you.
You take 4 damage, and have 3/16 hp.
MASSIVE DAMAGE!!
You barely miss the shadow imp. You puncture the shadow imp!
You kill the shadow imp!
Trog accepts your kill. The orc completely misses you.
You feel a strong urge to attack something.
You feel your anger nearly subside.
You are no longer berserk.
You are exhausted.
You feel yourself slow down.
You now have 3/11 hp.
Unknown command.
Found a stone staircase leading down.
A kobold comes into view.
The orc throws a tomahawk.
The tomahawk closely misses you.
Found a great sword.
The orc throws a tomahawk.
The tomahawk closely misses you.
Found a ration.
A kobold comes into view.
A big kobold comes into view.
The big kobold shouts!
The kobold hits you.
* * * LOW HITPOINT WARNING * * *
You take 4 damage, and have 1/11 hp.
MASSIVE DAMAGE!!
You feel much better.
The kobold shouts!
The kobold hits you.
You regained 7 hp, and now have 8/11 hp.
A kobold comes into view. It is wielding a club.
The orc throws a tomahawk.
The tomahawk completely misses you. The kobold completely misses you.
The big kobold barely misses you.
There is a stone staircase leading down here.
The kobold closely misses you. x2; The big kobold barely misses you.
You climb downwards.
Diana's ghost (novice Troll Monk) comes into view.
Found a scroll of amnesia.
There is a stone staircase leading up here.
You aren't carrying any spellbooks or scrolls.
Okay, then.
You feel very mighty all of a sudden. The kobold misses you.
The kobold completely misses you.
Health restored: 11 You puncture the big kobold!
The big kobold is heavily wounded.
The kobold hits you but does no damage. The big kobold hits you.
The kobold misses you.
You take 5 damage, and have 6/11 hp.
MASSIVE DAMAGE!!
You puncture the big kobold!
The big kobold is almost dead.
The big kobold hits you.
* * * LOW HITPOINT WARNING * * *
The kobold misses you. The big kobold hits you.
Ouch! That really hurt!
You die...

# #
.#.
#K#
#K#
#@#
#K#
#W#
#.?
###


You could see a big kobold, diana's ghost and 2 kobolds.

Vanquished Creatures
  A shadow imp (D:8)
1 creature vanquished.

Notes
Turn   | Place    | Note
-------+----------+-------------------------------------------
     0 | D:1      | Monsterracer the Spriggan Berserker began the quest for the Orb.
     0 | D:1      | Reached XP level 1. HP: 11/11 MP: 2/2
   139 | D:3      | Noticed an orc priest
   142 | D:3      | Noticed an orc priest
   216 | D:4      | HP: 5/11 [orc/tomahawk (5)]
   345 | D:5      | Entered Level 5 of the Dungeon
   495 | D:6      | Noticed an orc priest
   527 | D:8      | HP: 5/11 [shadow imp/nerve-wracking pain (6)]
   542 | D:8      | Noticed a big kobold
   542 | D:8      | HP: 1/11 [kobold (4)]
   548 | D:9      | Noticed diana's ghost (novice TrMo)
   551 | D:9      | HP: 2/11 [big kobold (5)]
   551 | D:9      | Slain by a big kobold

Action                   || total
-------------------------++-------
Melee: Short sword       ||     7
Invok: Berserk           ||     1
  Use: Scroll            ||     7
       Potion            ||     2
Armor: Animal skin       ||     6
Dodge: Dodged            ||    39

Vault maps used:
D:1:      minmay_arrival_doors, st_stairs_1
D:2:      lemuel_crystal_altar, yredelemnul_altar_generic,
          chequers_temple_overflow_statue_of_worship,
          chequers_ecumenical_altar_simple_redux, hex_medium, minmay_tromino_v7
D:3:      minmay_lizard_king
D:4:      first_ration, cheibrodos_sewer_entry_bend, st_stairs_10, uniq_ijyb
D:5:      minmay_temple_entry_hall, basic_altar
D:7:      serial_shops, shop, grunt_livestock, led_sif_pool
D:9:      chequers_temple_overflow_minitemple, slow_altar_2, trog_book
